 Dungeon Crawl Stone Soup version 0.30.2 (webtiles) character file.

Game seed: 13091375622190267951

176 porpoise the Trooper (level 5, -1/41 (43) HPs)
             Began as a Formicid Fighter on Feb 2, 2024.
             Succumbed to a killer bee's poison
             ... on level 9 of the Dungeon.
             The game lasted 00:09:19 (2116 turns).

porpoise the Trooper (Formicid Fighter)             Turns: 2116, Time: 00:09:19

HP:   -1/41 (43)    AC: 10    Str: 21 (22) XL:     5   Next: 86%
MP:   5/5           EV:  9    Int:  7 (8)  God:
Gold: 182           SH:  5    Dex: 12 (13) Spells: 4/4 levels left

rFire   . . .        a - +2 hand axe (elec)
rCold   . . .        c - +0 buckler
rNeg    . . .        b - +0 scale mail
rPois   .            (helmet unavailable)
rElec   .            (no cloak)
rCorr   .            l - +2 pair of gloves
SInv    +            (no boots)
Will    .....        (no amulet)
Stlth   +            (no ring)
HPRegen 0.26/turn    (no ring)
MPRegen 0.09/turn

%: no passive effects
@: brilliant, lethally poisoned (-1 -> -11), lightly drained
A: permanent stasis, dig shafts and tunnels, antennae 3, four strong arms
a: Dig, Shaft Self


You were on level 9 of the Dungeon.
You visited 1 branch of the dungeon, and saw 6 of its levels.

You collected 182 gold pieces.

Inventory:

Hand Weapons
 a - a +2 hand axe of electrocution (weapon)
Missiles
 j - 7 poisoned darts
 q - 6 atropa-tipped darts
Armour
 b - a +0 scale mail (worn)
 c - a +0 buckler (worn)
 l - a +2 pair of gloves (worn)
Jewellery
 k - an amulet of magic regeneration
Potions
 d - a potion of might


   Skills:
 + Level 4.3 Fighting
 * Level 4.2 Axes
 - Level 3.2 Armour
 + Level 3.1 Stealth
 - Level 4.0 Shields


You had 4 spell levels left.
You didn't know any spells.
Your spell library contained the following spells:

 Spells                   Type           Power      Damage    Failure   Level
 Freeze                   Ice            0%         1d3       83%         1
 Frozen Ramparts          Ice            0%         1d1       99%         3
 Hailstorm                Conj/Ice       0%         3d3       99%         3


Dungeon Overview and Level Annotations

Branches:
Dungeon (9/15)
 Temple: D:4-7         Lair: D:8-11         Orc: D:9-12

Altars:

Shops:
D:3 :(


Innate Abilities, Weirdness & Mutations

You cannot be hasted, slowed, berserked, paralysed or teleported.
You can dig through walls and to a lower floor.
You have a pair of large antennae on your head. (SInv)
Your four strong arms can wield two-handed weapons with a shield.


Message History

The killer bee stings you but does no damage.
You miss the killer bee. x2; You hit the killer bee.
Lightning courses through the killer bee!
You hit the killer bee but do no damage.
You feel sick. The killer bee barely misses you. x2
The killer bee stings you.
You are more poisoned.
The killer bee poisons you! The killer bee stings you.
The killer bee stings you but does no damage. x2
The killer bee stings you.
You are lethally poisoned!
The killer bee poisons you!
The killer bee stings you but does no damage.
You miss the killer bee. You hit the killer bee.
You closely miss the killer bee. You hit the killer bee.
Lightning courses through the killer bee!
You feel extremely sick. The killer bee closely misses you.
The killer bee stings you but does no damage.
The killer bee closely misses you.
The killer bee stings you but does no damage.
The killer bee stings you.
* * * LOW HITPOINT WARNING * * *
The killer bee stings you but does no damage. x2
The killer bee stings you.
* * * LOW HITPOINT WARNING * * *
You are more poisoned.
The killer bee poisons you!
You feel better.
The killer bee stings you but does no damage.
The killer bee stings you.
* * * LOW HITPOINT WARNING * * *
The killer bee stings you!
* * * LOW HITPOINT WARNING * * *
You are lethally poisoned!
The killer bee poisons you! You block the killer bee's attack.
The killer bee stings you but does no damage. x4
You aren't carrying any scrolls.
You feel clever all of a sudden.
You die...

#..........
#..........
#.#######..
#!)........
#..........
#..........
#.......#..
#.........#
#y@.......#
#yyy......#
#.........#
#..<......
#.........
#.........
#.........
#...#####.


You could see 4 killer bees.

Vanquished Creatures
  An iguana (D:4)
  4 gnolls
  5 adders
  An ufetubus (D:7)
  3 dart slugs
  10 endoplasms
  A giant cockroach (D:3)
  10 goblins
  3 hobgoblins
  A quokka (D:3)
  10 ball pythons
  4 bats
  4 kobolds
  2 rats
59 creatures vanquished.

Notes
Turn   | Place    | Note
-------+----------+-------------------------------------------
     0 | D:1      | porpoise the Formicid Fighter began the quest for the Orb.
     0 | D:1      | Reached XP level 1. HP: 18/18 MP: 1/1
   110 | D:1      | Reached skill level 1 in Stealth
   110 | D:1      | Reached XP level 2. HP: 14/24 MP: 2/2
   230 | D:1      | Reached XP level 3. HP: 29/29 MP: 3/3
   784 | D:2      | Found a faded altar of an unknown god.
   793 | D:2      | Reached XP level 4. HP: 37/37 MP: 4/4
  1186 | D:3      | Found Zaomoox's General Store.
  1292 | D:3      | Reached XP level 5. HP: 30/42 MP: 5/5
  1305 | D:3      | HP: 2/42 [gnoll/+0 spear (1)]
  1608 | D:3      | Found Waupoam's Weapon Emporium.
  1783 | D:3      | Found Zuonidghieme's Book Shoppe.
  1917 | D:4      | You fall into a shaft and drop 3 floors!
  1938 | D:7      | Noticed a kobold brigand
  1944 | D:7      | You fall into a shaft and drop 2 floors!
  2115 | D:9      | HP: 2/41 [killer bee (7)]
  2116 | D:9      | Succumbed to a killer bee's poison

Illustrated notes

Levels and vault maps discovered:
D:1:      dpeg_arrival_stone_temple_mockup, layout_basic, hangedman_decor_push,
          minmay_fountain_box
D:2:      layout_rooms, dreamdust_ecumenical_altar_statues, serial_rivers,
          chequers_serial_rivers_marsh, chequers_serial_rivers_micro_a,
          chequers_serial_rivers_room_b, chequers_serial_rivers_small_a,
          chequers_serial_rivers_small_a, minmay_misc_feat_pillars
D:3:      layout_rooms, serial_shops, nicolae_shop_bloodbath_and_beyond,
          nicolae_shop_pleasant_corner_grove, nicolae_shop_tiny_real_fake_doors
D:4:      layout_gridville, nrook_mini_vaults, minmay_misc_feat_alley
D:7:      layout_gridville
D:9:      layout_stronghold, david_orc_4

Skill      XL: |  1  2  3  4  5 |
---------------+----------------+-----
Stealth        | 1 2 3 |  3.1
Axes           | 3 4 |  4.2
Fighting       | 4 |  4.3
Armour         | |  3.2
Shields        | |  4.0

Action                     |  1- 3 |  4- 6 || total
---------------------------+-------+-------++-------
  Melee: War axe           |    14 |       ||    14
         Hand axe          |    37 |    88 ||   125
Ability: Dig               |       |     1 ||     1
         Shaft Self        |       |     1 ||     1
    Use: Scroll            |     1 |     5 ||     6
         Potion            |       |     6 ||     6
 Armour: Scale mail        |    31 |    55 ||    86
  Dodge: Dodged            |    23 |    45 ||    68
  Block: Buckler           |    10 |    15 ||    25
